 Dungeon Crawl Stone Soup version 0.17.0-22-g5edae84 (webtiles) character file.

298 Gargoyl the Skirmisher (level 6, -8/48 HPs)
             Began as a Demonspawn Abyssal Knight on Nov 13, 2015.
             Was a Priest of Lugonu.
             Killed from afar by a steam dragon (26 damage)
             ... with a ball of steam
             ... on level 4 of the Dungeon.
             The game lasted 00:08:17 (4684 turns).

Gargoyl the Skirmisher (Demonspawn Abyssal Knight)  Turns: 4684, Time: 00:08:17

Health: -8/48      AC: 13    Str: 14    XL:     6   Next: 13%
Magic:  8/8        EV:  2    Int: 13    God:    Lugonu [***...]
Gold:   93         SH: 10    Dex: 13    Spells: 0 memorised, 5 levels left

rFire  . . .     SeeInvis .     a - +2 hand axe
rCold  + . .     Clarity  .     o - +0 chain mail
rNeg   . . .     SustAt   .     r - +0 large shield
rPois  .         Gourm    .     d - +0 helmet
rElec  .         Spirit   .     g - +2 cloak
rCorr  .         Warding  .     (no gloves)
rMut   .         Stasis   .     (no boots)
MR     .....                    n - amulet of rage
Stlth  ..........               (no ring)
                                (no ring)

@: not resistant to hostile enchantments, extremely unstealthy
A: claws 1, cold resistance 1
a: Depart the Abyss, Bend Space, Banish, Renounce Religion, Evoke Berserk Rage


You were on level 4 of the Dungeon.
You worshipped Lugonu.
Lugonu was most pleased with you.
You were not hungry.

You visited 1 branch of the dungeon, and saw 4 of its levels.
You visited the Abyss 1 time.

You collected 210 gold pieces.
You spent 117 gold pieces at shops.

Inventory:

Hand Weapons
 a - a +2 hand axe (weapon)
 e - a +0 flail
Armour
 d - a +0 helmet (worn)
 g - a +2 cloak (worn)
 o - a +0 chain mail (worn)
 r - a +0 large shield (worn)
Jewellery
 n - an amulet of rage (around neck)
Wands
 c - a wand of polymorph (10)
Scrolls
 h - a scroll of identify
 j - 2 scrolls of fear
 k - 2 scrolls of random uselessness {unknown}
 l - a scroll of magic mapping
 m - a scroll of remove curse
Potions
 f - a potion of might
 i - a potion of curing {unknown}
 p - a potion of degeneration {unknown}
Comestibles
 b - a meat ration
 q - a royal jelly


   Skills:
 + Level 4.0 Fighting
 + Level 3.3 Axes
 + Level 3.2 Armour
 + Level 2.9 Dodging
 + Level 0.2 Stealth
 + Level 2.8 Invocations


You had 5 spell levels left.
You didn't know any spells.

Dungeon Overview and Level Annotations

Branches:
Dungeon (4/15)
 Temple: D:4-7

Altars:

Shops:
D:4 [


Innate Abilities, Weirdness & Mutations

You have sharp fingernails.
Your flesh is cold resistant.


Message History

The steam dragon is lightly wounded.
You block the steam dragon's attack.
The steam dragon claws you but does no damage.
The steam dragon bites you but does no damage.
The steam dragon claws you but does no damage.
Unknown command.
You closely miss the steam dragon.
The steam dragon is lightly wounded.
The steam dragon bites you.
The steam dragon claws you but does no damage.
You hit the steam dragon but do no damage.
The steam dragon is lightly wounded.
The steam dragon bites you.
The steam dragon claws you but does no damage.
You closely miss the steam dragon.
The steam dragon is lightly wounded.
The steam dragon breathes steam at you. The ball of steam hits you!
Ouch! That really hurt!
You die...

#.# .. ### #.#
#<##+##########.# #.#
#.......#≈≈≈≈≈#.######'#
#.......#≈#.#≈#.........
#.......#≈.∩.≈#.........
#.......#≈#.#≈#.........
#......D#≈≈.≈≈#.......).
#......@###'###.......##
#.....................##
..........(#...........#
.#..[.#+###.#...........#
....#. ...............# #
...( ##.............# .
####.########...........#
#
........................#
# #...................#


You could see a steam dragon.

Vanquished Creatures
  A scorpion (D:4)
  Crazy Yiuf (D:2)
  A centaur skeleton (D:4)
  Robin (D:2)
  4 adders
  3 gnolls (D:3)
  An ooze (D:3)
  2 worms
  9 orcs
  8 giant cockroaches
  16 hobgoblins
  6 jackals (D:3)
  8 kobolds
  2 ball pythons
  7 bats
  3 giant newts (D:2)
  18 goblins
  10 rats
101 creatures vanquished.

Notes
Turn   | Place    | Note
--------------------------------------------------------------
     0 | Abyss:1  | Gargoyl the Demonspawn Abyssal Knight began the quest for the Orb.
     0 | Abyss:1  | Reached XP level 1. HP: 18/18 MP: 2/2
    63 | Abyss:1  | Noticed a large abomination
    92 | Abyss:2  | Found a corrupted altar of Lugonu.
   103 | Abyss:2  | Noticed a blink frog
   104 | Abyss:2  | Noticed a blink frog
   107 | D:1      | Escaped the Abyss
   159 | D:1      | Reached skill level 1 in Dodging
   190 | D:1      | Reached * piety under Lugonu
   247 | D:1      | Gained mutation: You have sharp fingernails. [demonic ancestry]
   247 | D:1      | Reached XP level 2. HP: 21/24 MP: 3/3
   832 | D:1      | Reached XP level 3. HP: 25/29 MP: 5/5
  1239 | D:2      | Reached ** piety under Lugonu
  1262 | D:2      | Noticed Robin
  1285 | D:2      | Killed Robin
  1656 | D:2      | Gained mutation: Your flesh is cold resistant. [demonic ancestry]
  1656 | D:2      | Reached XP level 4. HP: 35/35 MP: 6/6
  2436 | D:2      | Noticed Crazy Yiuf
  2445 | D:2      | Killed Crazy Yiuf
  3119 | D:3      | Reached *** piety under Lugonu
  3124 | D:3      | Reached XP level 5. HP: 28/41 MP: 7/7
  4329 | D:4      | Reached skill level 4 in Fighting
  4329 | D:4      | Reached XP level 6. HP: 35/48 MP: 8/8
  4658 | D:4      | Found Zyrum's Antique Armour Boutique.
  4664 | D:4      | Bought a large shield for 117 gold pieces
  4674 | D:4      | Noticed a steam dragon
  4684 | D:4      | Killed from afar by a steam dragon

Action                   |  1- 3 |  4- 6 || total
-------------------------+-------+-------++-------
Melee: Hand axe          |   107 |   216 ||   323
       Unarmed           |     6 |       ||     6
Invok: Depart the Abyss  |     1 |       ||     1
  Use: Scroll            |       |     8 ||     8
       Potion            |       |     4 ||     4
  Eat: Bread ration      |     1 |     1 ||     2
       Chunk             |       |     3 ||     3
       Pizza             |       |     1 ||     1
